[Event "Team 45 45 League T32"]
[Site "Internet Chess Club"]
[Date "2007.03.10"]
[Round "8"]
[White "Frankly"]
[Black "Ernie1"]
[Result "1-0"]
[WhiteElo "1654"]
[BlackElo "1614"]
[ECO "D11"]
[TimeControl "2700+45"]

1. d4 c6 2. c4 d5 3. Nf3 Nf6 4. e3 e6 5. Nbd2 Bb4 6. b3 Ne4 7. Bb2 Qa5 8. a3
Bxd2+ 9. Nxd2 O-O 10. b4 Qc7 11. Nxe4 dxe4 12. Be2 f5 13. O-O f4 14. Qc2 f3 15.
gxf3 exf3 16. Bd3 Rf6 17. Bxh7+ Kf7 18. Qe4 Rh6 19. Qxf3+ Ke7 20. Qg2 Rxh7 21.
f4 Kf8 22. Rf3 b5 23. cxb5 cxb5 24. Rc1 Qf7 25. Rxc8+ {Black resigns} 1-0

[Event "Team 45 45 League T32"]
[Site "Internet Chess Club"]
[Date "2007.03.11"]
[Round "8"]
[White "Warpdrive"]
[Black "drflounder"]
[Result "1/2-1/2"]
[WhiteElo "1677"]
[BlackElo "1727"]
[ECO "A46"]
[TimeControl "2700+45"]

1. d4 Nf6 2. Nf3 e6 3. e3 b6 4. Bd3 Bb7 5. Nbd2 c5 6. c3 Nc6 7. O-O Be7 8. Re1
O-O 9. e4 d6 10. Qe2 cxd4 11. cxd4 Nb4 12. a3 Nxd3 13. Qxd3 Rc8 14. b4 a6 15.
Bb2 Qd7 16. Rac1 Rxc1 17. Rxc1 Rc8 18. Rxc8+ Qxc8 19. Ne1 Qc6 20. f3 Nd7 21. Qc3
Qxc3 22. Bxc3 Bg5 23. Kf2 Nb8 24. Nc4 d5 25. exd5 b5 26. Ne3 Bxd5 27. Nxd5 exd5
28. Nd3 Kf8 29. f4 Bf6 30. Nc5 g6 31. Ke3 {Game drawn by mutual agreement}
1/2-1/2

[Event "Team 45 45 League T32"]
[Site "Internet Chess Club"]
[Date "2007.03.12"]
[Round "8"]
[White "rabanito"]
[Black "tryanything"]
[Result "1/2-1/2"]
[WhiteElo "1776"]
[BlackElo "1675"]
[ECO "C78"]
[TimeControl "2700+45"]

1. e4 e5 2. Nf3 Nc6 3. Bb5 a6 4. Ba4 Nf6 5. O-O b5 6. Bb3 Bc5 7. c3 O-O 8. d4
exd4 9. cxd4 Bb6 10. d5 Na5 11. e5 Nxb3 12. Qxb3 Ne4 13. Be3 Kh8 14. Bxb6 cxb6
15. Re1 Nc5 16. Qe3 d6 17. Nc3 Bg4 18. Nd4 dxe5 19. Nc6 Qf6 20. Nxe5 Rfe8 21.
Nxg4 Rxe3 22. Nxf6 Rxe1+ 23. Rxe1 gxf6 24. Rd1 Rd8 25. f3 Kg7 26. Kf2 f5 27. b4
Na4 28. Nxa4 bxa4 29. Ke3 Kf6 30. Kf4 Rd6 31. a3 b5 32. Rd4 h6 33. Rd1 Rd8 34.
Rd2 Rd6 35. Rd1 {Game drawn by mutual agreement} 1/2-1/2

[Event "Team 45 45 League T32"]
[Site "Internet Chess Club"]
[Date "2007.03.10"]
[Round "8"]
[White "FiendAngelical"]
[Black "gessie7"]
[Result "1-0"]
[WhiteElo "1682"]
[BlackElo "1454"]
[ECO "C92"]
[TimeControl "2700+45"]

1. e4 e5 2. Nf3 Nc6 3. Bb5 a6 4. Ba4 d6 5. O-O Nf6 6. Re1 Be7 7. c3 b5 8. Bb3
O-O 9. h3 Be6 10. d4 Bxb3 11. axb3 Nd7 12. d5 Ncb8 13. c4 c6 14. dxc6 Nxc6 15.
Nc3 b4 16. Nd5 a5 17. Be3 Nc5 18. Nd2 f5 19. exf5 Rxf5 20. Qg4 Qf8 21. Nc7 Rc8
22. Bxc5 Rxc7 23. Bb6 Rb7 24. Be3 Bd8 25. Ne4 Rbf7 26. Rad1 Nd4 27. Bxd4 exd4
28. Rxd4 Bb6 29. Rd2 Rxf2 30. Nxf2 Rxf2 31. Qe6+ Kh8 32. Rxf2 Bxf2+ 33. Kh1 Bxe1
34. Qxe1 h6 35. Qg3 Qf6 36. Qf3 Kg8 37. Qxf6 gxf6 38. g4 Kf7 39. Kg2 Ke6 40. Kf3
Ke5 41. Ke3 f5 42. gxf5 Kxf5 43. Kf3 h5 44. Kg3 Kg5 45. Kf3 Kh4 46. Kg2 Kg5 47.
Kf3 Kh4 48. Kg2 Kg5 49. Kf3 Kf5 50. Ke3 Ke5 51. h4 Kf5 52. Kd4 Ke6 53. Ke4 Kf6
54. Kd5 Ke7 55. Ke4 Ke6 56. Kd4 Kf5 57. Kd5 Kg4 58. Kxd6 Kxh4 59. c5 Kg3 60. c6
h4 61. c7 h3 62. c8=Q h2 63. Qg8+ Kh3 64. Qh7+ Kg2 65. Qxh2+ Kxh2 66. Kc5 Kg3
67. Kb5 Kf4 68. Kxa5 Ke4 69. Kxb4 Kd5 70. Kb5 Kd6 71. Kb6 Kd7 72. Kb7 Kd6 73. b4
Kd5 74. b5 Kc5 75. b6 Kb5 76. Kc7 Ka6 77. b7 Ka5 78. b8=Q Ka4 79. Kc6 Ka5 80.
Qb5# {Black checkmated} 1-0

[Event "Team 45 45 League T32"]
[Site "Internet Chess Club"]
[Date "2007.03.09"]
[Round "8"]
[White "fredd"]
[Black "joonho"]
[Result "0-1"]
[WhiteElo "1545"]
[BlackElo "1830"]
[ECO "D20"]
[TimeControl "2700+45"]

1. d4 d5 2. c4 dxc4 3. e4 e5 4. d5 Bc5 5. Bxc4 Nf6 6. Nc3 Ng4 7. Nh3 O-O 8. Be2
Nf6 9. Ng5 Bd4 10. Nf3 Bxc3+ 11. bxc3 Nxe4 12. c4 c6 13. Bb2 Qb6 14. Bd4 exd4
15. Nxd4 cxd5 16. cxd5 Qb4+ 17. Kf1 Nd2+ {White resigns} 0-1

[Event "Team 45 45 League T32"]
[Site "Internet Chess Club"]
[Date "2007.03.11"]
[Round "8"]
[White "OldBoy"]
[Black "jlowe"]
[Result "0-1"]
[WhiteElo "1391"]
[BlackElo "1641"]
[ECO "B10"]
[TimeControl "2700+45"]

1. e4 c6 2. Nf3 d5 3. exd5 cxd5 4. d4 Nf6 5. Nbd2 Bg4 6. Be2 Nc6 7. O-O e6 8. c3
Bd6 9. h3 Bh5 10. Ne5 Bxe2 11. Qxe2 Qc7 12. f4 O-O 13. Ndf3 Ne4 14. Qe1 Rab8 15.
Qh4 Be7 16. Qe1 b5 17. Nxc6 Qxc6 18. Ne5 Qc7 19. Nf3 b4 20. Bd2 bxc3 21. Bxc3
Rfc8 22. Rc1 Qd6 23. Nd2 Nxc3 24. Rxc3 Rxc3 25. bxc3 Rb2 26. a4 Qa3 27. Qc1 Qa2
28. Rf2 Bh4 29. Re2 Bg3 30. f5 Bf4 31. fxe6 fxe6 32. Qf1 Bxd2 33. Rxe6 Rb8 34.
Re7 Qb1 35. Re8+ Rxe8 36. Qxb1 Re1+ 37. Qxe1 Bxe1 38. c4 dxc4 39. Kf1 Bb4 40.
Ke2 Kf7 41. Ke3 Ke6 42. g3 Kd5 {White resigns} 0-1

[Event "Team 45 45 League T32"]
[Site "Internet Chess Club"]
[Date "2007.03.08"]
[Round "8"]
[White "Zyme"]
[Black "allanchs"]
[Result "0-1"]
[WhiteElo "1509"]
[BlackElo "1579"]
[ECO "D69"]
[TimeControl "2700+45"]

1. d4 d5 2. c4 e6 3. Nc3 Nf6 4. Bg5 Be7 5. Nf3 O-O 6. e3 Nbd7 7. Bd3 c6 8. O-O
dxc4 9. Bxc4 Nd5 10. Bxe7 Qxe7 11. Rc1 Nxc3 12. Rxc3 e5 13. dxe5 Nxe5 14. Nxe5
Qxe5 15. Qb3 Rb8 16. Rd1 Be6 17. Bxe6 Qxe6 18. Qxe6 fxe6 19. Rcd3 Rf7 20. Rd6
Re7 21. R1d4 c5 22. Rd3 Kf7 23. e4 c4 24. Rf3+ Ke8 25. Kf1 Rc8 26. Rc3 b5 27.
Ke2 b4 28. Rc2 Kf7 29. Rd4 Rec7 30. Kd2 a5 31. Rd6 c3+ 32. bxc3 bxc3+ 33. Kd3
Ke7 34. Ra6 Rd7+ 35. Ke3 Rc5 36. Rb6 a4 37. Rb4 Ra7 38. Kd4 Rc8 39. Rxc3 Rd7+
{White resigns} 0-1

[Event "Team 45 45 League T32"]
[Site "Internet Chess Club"]
[Date "2007.03.11"]
[Round "8"]
[White "Berkshires"]
[Black "jharris8000"]
[Result "0-1"]
[WhiteElo "1458"]
[BlackElo "1598"]
[ECO "C11"]
[TimeControl "2700+45"]

1. e4 e6 2. d4 d5 3. Nc3 Nf6 4. Bd3 c5 5. exd5 exd5 6. Qe2+ Be7 7. Bb5+ Nc6 8.
Bg5 cxd4 9. Na4 O-O 10. Nf3 Re8 11. O-O Bg4 12. Qd3 h6 13. Bd2 a6 14. Bxc6 bxc6
15. Nxd4 Qc7 16. Rfe1 Bd6 17. g3 Bh3 18. Nf5 h5 19. Nxd6 Qxd6 20. Bf4 Qb4 21.
Nc3 Qxb2 22. Bd6 Re6 23. Bc5 Rae8 24. Be3 c5 25. Nxd5 Nxd5 26. Qxd5 Re5 27. Qc4
Qb7 28. f3 Qxf3 29. Qe2 Qxe2 30. Rxe2 Rxe3 31. Rd2 Re2 32. Rd5 Rxc2 33. Rxh5 Bc8
34. a4 c4 35. Rd5 g6 36. Rad1 Bf5 37. R5d4 c3 38. g4 Be6 39. a5 Rb8 40. R4d3 Rb5
41. Rd8+ Kg7 42. g5 Rxg5+ 43. Kh1 Rxa5 44. R8d3 Rc5 45. Rd4 Rb2 46. Rc1 c2 47.
Re4 Rb1 48. Ree1 Rxc1 49. Rxc1 a5 50. Kg1 a4 51. Kf1 a3 52. Ke1 a2 53. Kd2 Bf5
{White resigns} 0-1

[Event "Team 45 45 League T32"]
[Site "Internet Chess Club"]
[Date "2007.03.09"]
[Round "8"]
[White "Changuito-77"]
[Black "quotha"]
[Result "1-0"]
[WhiteElo "1749"]
[BlackElo "1591"]
[ECO "B41"]
[TimeControl "2700+45"]

1. e4 e6 2. d4 c5 3. Nf3 cxd4 4. Nxd4 Bc5 5. c3 d5 6. Nb3 Bb6 7. Qg4 Qf6 8. Bb5+
Bd7 9. Bxd7+ Nxd7 10. O-O Ne5 11. Qe2 Ne7 12. Na3 O-O 13. Nc2 N7g6 14. exd5 exd5
15. Be3 Nf4 16. Bxf4 Qxf4 17. Rad1 Rae8 18. Ne3 Nc4 19. Rd3 Bxe3 20. fxe3 Qg5
21. Re1 Re6 22. Nd4 Rb6 23. b3 Ne5 24. Rd2 Rh6 25. Qf2 Ng4 26. Nf3 Qh5 27. Qg3
Re8 28. Rd4 Rg6 29. Qh4 Qf5 30. Rf4 Qd7 31. Ng5 Nh6 32. Nf3 Rg4 33. Qf2 Rg6 34.
Rd4 Nf5 35. Rd3 Qe6 36. Nd4 Nxd4 37. Rxd4 Qc6 38. Qd2 Re5 39. e4 h6 40. exd5
Rxe1+ 41. Qxe1 Qc5 42. Qd2 Rd6 43. c4 Rf6 44. g3 Rg6 45. Kg2 Rd6 46. Re4 Rf6 47.
Qd4 Qa3 48. Re2 Qc1 49. Qg1 Qc3 50. Qe1 h5 51. Qxc3 {Black resigns} 1-0

[Event "Team 45 45 League T32"]
[Site "Internet Chess Club"]
[Date "2007.03.11"]
[Round "8"]
[White "jacknor"]
[Black "Cantemir"]
[Result "1/2-1/2"]
[WhiteElo "1601"]
[BlackElo "1549"]
[ECO "A30"]
[TimeControl "2700+45"]

1. c4 c5 2. g3 Nc6 3. Bg2 b6 4. Nc3 Bb7 5. a3 Nf6 6. e4 d6 7. d3 g6 8. Nge2 Bg7
9. O-O O-O 10. Bg5 h6 11. Bd2 e6 12. Rb1 Re8 13. b4 a6 14. f4 Qc7 15. b5 axb5
16. Nxb5 Qd8 17. Nec3 Nd4 18. Nxd4 cxd4 19. Nb5 e5 20. Bf3 Bc6 21. Qc1 Bxb5 22.
Rxb5 Nd7 23. Qb2 Nc5 24. Be2 Qc7 25. Rb1 exf4 26. Bxf4 Nxe4 27. Rxb6 Nc3 28. Bf3
Qe7 29. Bxa8 Nxb1 30. Qxb1 Rxa8 31. Bxd6 Qe3+ 32. Kg2 Qe2+ 33. Kh1 Qf3+ 34. Kg1
Qe3+ 35. Kg2 Qe2+ 36. Kh3 Qh5+ 37. Kg2 Qe2+ {Game drawn by repetition} 1/2-1/2

[Event "Team 45 45 League T32"]
[Site "Internet Chess Club"]
[Date "2007.03.10"]
[Round "8"]
[White "GadsHill"]
[Black "alaskauk"]
[Result "1-0"]
[WhiteElo "1585"]
[BlackElo "1508"]
[ECO "D11"]
[TimeControl "2700+45"]

1. d4 d5 2. c4 c6 3. Nf3 Nf6 4. Qc2 g6 5. Bf4 Bf5 6. Qb3 Qd7 7. e3 Bg7 8. Nc3
O-O 9. Be2 b6 10. cxd5 cxd5 11. O-O Nh5 12. Ne5 Bxe5 13. Bxe5 Nf6 14. Bxf6 exf6
15. Bf3 Be4 16. Bxe4 dxe4 17. Nxe4 Kg7 18. Qd3 Rd8 19. Rac1 Nc6 20. Qb5 Rac8 21.
Rfd1 Qe6 22. Nc3 Ne7 23. d5 Qe5 24. e4 Rc5 25. Qb3 Qc7 26. g3 Qd7 27. Kg2 Rdc8
28. Qc2 Ng8 29. Qd2 Nh6 30. Ne2 Rxc1 31. Rxc1 Rxc1 32. Qxc1 Qb5 33. Qc2 Qb4 34.
a3 Qb5 35. Nd4 Qe8 36. Nc6 Ng4 37. Qc4 Ne5 38. Nxe5 Qxe5 39. Qc2 Qd4 40. f3 Kg8
41. Qc3 Qxc3 42. bxc3 Kf8 43. Kf2 Ke7 44. Ke3 Kd6 45. Kd4 b5 46. c4 a6 47. cxb5
axb5 48. Kc3 f5 49. Kb4 h5 50. Kxb5 fxe4 51. fxe4 f5 52. exf5 gxf5 53. Kc4
{Black resigns} 1-0

[Event "Team 45 45 League T32"]
[Site "Internet Chess Club"]
[Date "2007.03.10"]
[Round "8"]
[White "juanhernandez"]
[Black "moreffee"]
[Result "1-0"]
[WhiteElo "1469"]
[BlackElo "1305"]
[ECO "A82"]
[TimeControl "2700+45"]

1. d4 f5 2. e4 fxe4 3. Nc3 Nf6 4. f3 d5 5. fxe4 dxe4 6. Bf4 Bf5 7. Nge2 e6 8. g3
Nbd7 9. Bg2 Bb4 10. O-O Nb6 11. Bg5 O-O 12. Nxe4 Be7 13. Nxf6+ Bxf6 14. Bxf6
Rxf6 15. Bxb7 Rb8 16. Ba6 Nd5 17. Qc1 Qd6 18. Bc4 Bh3 19. Rxf6 Nxf6 20. b3 Rf8
21. c3 Nh5 22. Qg5 Qc6 23. d5 Qc5+ 24. Nd4 Rf5 25. Qd8+ Rf8 26. dxe6 Bxe6 27.
Bxe6+ Kh8 28. b4 Rxd8 29. bxc5 Nf6 30. Re1 g6 31. Nb5 c6 32. Nxa7 Ra8 33. Nxc6
Rxa2 34. Bxa2 {Black resigns} 1-0

[Event "Team 45 45 League T32"]
[Site "Internet Chess Club"]
[Date "2007.03.11"]
[Round "8"]
[White "Mississippian"]
[Black "seldredg"]
[Result "1-0"]
[WhiteElo "1431"]
[BlackElo "1309"]
[ECO "B01"]
[TimeControl "2700+45"]

1. e4 d5 2. exd5 Qxd5 3. Nf3 Nf6 4. d4 Bg4 5. Be2 e6 6. c4 Qa5+ 7. Bd2 Bb4 8. a3
Bxd2+ 9. Nfxd2 c5 10. Bxg4 Nc6 11. O-O Nxd4 12. Nc3 h5 13. Bf3 Qc7 14. Qa4+ Ke7
15. Rfe1 Ng4 16. Nd5+ {Black resigns} 1-0

[Event "Team 45 45 League T32"]
[Site "Internet Chess Club"]
[Date "2007.03.09"]
[Round "8"]
[White "BarryNL"]
[Black "wekabird"]
[Result "1-0"]
[WhiteElo "1459"]
[BlackElo "1233"]
[ECO "B10"]
[TimeControl "2700+45"]

1. e4 c6 2. Nf3 d5 3. exd5 cxd5 4. d4 Qc7 5. Bd3 e6 6. O-O Be7 7. Be3 Nf6 8. c3
O-O 9. Qc2 g6 10. Nbd2 b6 11. Ne5 Ba6 12. Bxa6 Nxa6 13. Qd3 Nb8 14. Ndf3 Nc6 15.
Nxc6 Qxc6 16. Ne5 Qc7 17. Bh6 Rfd8 18. Qf3 Bf8 19. Bxf8 Rxf8 20. Qxf6 Rae8 21.
Ng4 h5 22. Qe5 Qxe5 23. Nxe5 f6 24. Nxg6 Rf7 25. Nf4 h4 26. Rfe1 Rg7 27. Re2 Kf7
28. Rae1 e5 29. dxe5 Rxe5 30. Rxe5 fxe5 31. Rxe5 Kf6 32. Nh5+ Kxe5 33. Nxg7 a5
34. f3 b5 35. Kf2 b4 36. Ke3 bxc3 37. bxc3 Kd6 38. Kd4 Kc6 39. f4 Kd6 40. Nf5+
Ke6 41. Nxh4 a4 42. g4 a3 43. g5 Kf7 44. Kxd5 Kg7 45. c4 Kf7 46. c5 Ke7 47. c6
Kd8 48. g6 {Black resigns} 1-0

[Event "Team 45 45 League T32"]
[Site "Internet Chess Club"]
[Date "2007.03.11"]
[Round "8"]
[White "Riddari"]
[Black "gentle-spirit"]
[Result "1/2-1/2"]
[WhiteElo "1297"]
[BlackElo "1180"]
[ECO "B45"]
[TimeControl "2700+45"]

1. e4 e6 2. d4 c5 3. Nf3 cxd4 4. Nxd4 Nc6 5. Nc3 Qb6 6. Nb3 g6 7. Be3 Qc7 8. Bb5
a6 9. Bd3 h5 10. a3 Ne5 11. Be2 Ng4 12. Bd4 Nxh2 13. Bxh8 Ng4 {Game drawn by
mutual agreement} 1/2-1/2

[Event "Team 45 45 League T32"]
[Site "Internet Chess Club"]
[Date "2007.03.10"]
[Round "8"]
[White "rgadoury"]
[Black "curtintime"]
[Result "1-0"]
[WhiteElo "1324"]
[BlackElo "1360"]
[ECO "A03"]
[TimeControl "2700+45"]

1. f4 d5 2. Nf3 Nc6 3. d3 Bg4 4. Be3 e6 5. c3 Bd6 6. d4 Nf6 7. Nbd2 Bf5 8. Rg1
Be7 9. h3 h5 10. Bf2 Qd6 11. e3 Ne4 12. Nxe4 Bxe4 13. Ne5 Rh6 14. Bd3 f6 15.
Nxc6 Qxc6 16. Bxe4 dxe4 17. Qc2 O-O-O 18. O-O-O Rhh8 19. h4 f5 20. g3 Qa6 21.
Kb1 Rd5 22. c4 Ra5 23. Qb3 Rd8 24. Be1 Ra4 25. c5 Bxc5 26. dxc5 Rxd1+ 27. Qxd1
Rxa2 28. Qb3 Qd3+ 29. Qxd3 {Black resigns} 1-0

[Event "Team 45 45 League T32"]
[Site "Internet Chess Club"]
[Date "2007.03.10"]
[Round "8"]
[White "Gomer"]
[Black "JimGaming"]
[Result "0-1"]
[WhiteElo "1287"]
[BlackElo "1348"]
[ECO "C23"]
[TimeControl "2700+45"]

1. e4 e5 2. Bc4 Bc5 3. d3 Nf6 4. Nf3 d6 5. O-O Nc6 6. Nc3 a6 7. Nd5 Bg4 8. Bg5
Nd4 9. c3 Nxf3+ 10. gxf3 Be6 11. b4 Ba7 12. f4 c6 13. Nxf6+ gxf6 14. Bxe6 fxe6
15. Qh5+ Ke7 16. Bh6 Qg8+ 17. Kh1 Qg6 18. Qxg6 hxg6 19. Bg7 Rh3 20. fxe5 dxe5
21. Rg1 Kf7 22. Bxf6 Kxf6 23. Rg3 Rxg3 24. fxg3 g5 25. Rf1+ Kg6 26. h4 Rh8 27.
Kg2 g4 28. a4 Be3 29. Re1 Bd2 30. Re2 Bxc3 31. b5 c5 32. bxa6 bxa6 33. Rc2 Bd4
34. Rc1 Rf8 35. Rb1 Rf2+ 36. Kh1 Rb2 37. Rf1 Kg7 38. a5 Ra2 39. Rb1 Ra1 40. Rxa1
Bxa1 41. Kg2 Bc3 42. Kf2 Bxa5 {White resigns} 0-1

[Event "Team 45 45 League T32"]
[Site "Internet Chess Club"]
[Date "2007.03.09"]
[Round "8"]
[White "Hastings"]
[Black "DaMelch"]
[Result "1-0"]
[WhiteElo "1289"]
[BlackElo "1295"]
[ECO "C02"]
[TimeControl "2700+45"]

1. e4 e6 2. d4 d5 3. e5 c5 4. c3 Nc6 5. Nf3 Qb6 6. Bd3 Bd7 7. Bc2 O-O-O 8. a3
cxd4 9. cxd4 f6 10. O-O fxe5 11. dxe5 Nh6 12. b4 Nf7 13. Bb2 Qc7 14. Re1 b5 15.
Nbd2 g5 16. Qe2 Kb8 17. Rac1 Bg7 18. Qxb5+ Qb6 19. Qxb6+ axb6 20. b5 Na5 21. a4
g4 22. Nd4 Rhg8 23. N4b3 Nc4 24. Nxc4 dxc4 25. Nd2 Rc8 26. Bc3 Rc5 27. Ne4 Rd5
28. Nf6 Bxf6 29. exf6 Rd8 30. Bxh7 Rh5 31. Bg6 Rh6 32. Bxf7 Rdh8 33. Ra1 Kb7 34.
Be5 Rf8 35. Bf4 Rxf6 36. Bxe6 Bxe6 37. Bg3 Bf5 38. Re7+ Ka8 39. a5 bxa5 40.
Rxa5+ {Black resigns} 1-0

[Event "Team 45 45 League T32"]
[Site "Internet Chess Club"]
[Date "2007.03.09"]
[Round "8"]
[White "akdog3"]
[Black "Milo"]
[Result "1-0"]
[WhiteElo "2302"]
[BlackElo "2457"]
[ECO "A46"]
[TimeControl "2700+45"]

1. d4 Nf6 2. Nf3 c5 3. d5 b5 4. Bg5 Qb6 5. a4 b4 6. Bxf6 Qxf6 7. c3 a5 8. e4 d6
9. Bb5+ Bd7 10. O-O g6 11. Re1 Bg7 12. e5 dxe5 13. Nxe5 Bxb5 14. axb5 O-O 15.
Nd2 Qf4 16. g3 Qf5 17. Ndc4 Rd8 18. f4 f6 19. d6 fxe5 20. dxe7 Rxd1 21. e8=Q+
Qf8 22. Qxf8+ Kxf8 23. Raxd1 bxc3 24. bxc3 exf4 25. Rd8+ Kf7 26. Nd6+ {Black
resigns} 1-0

[Event "Team 45 45 League T32"]
[Site "Internet Chess Club"]
[Date "2007.03.12"]
[Round "8"]
[White "jpitt"]
[Black "postalex"]
[Result "1-0"]
[WhiteElo "2336"]
[BlackElo "2190"]
[ECO "A45"]
[TimeControl "2700+45"]

1. d4 Nf6 2. Bg5 e6 3. e4 Be7 4. Nd2 c5 5. e5 Nd5 6. Bxe7 Qxe7 7. Ne4 O-O 8.
dxc5 b6 9. c4 Nb4 10. cxb6 axb6 11. a3 N4c6 12. Nf3 f6 13. exf6 gxf6 14. Qd6 Qg7
15. Qg3 Na6 16. Qxg7+ Kxg7 17. O-O-O Nc5 18. Nd6 f5 19. Bd3 Kf6 20. Rhe1 Rg8 21.
g3 Nb7 22. Nb5 Nc5 23. Bc2 Rg4 24. Nd6 Rg8 25. Re3 Ra7 26. b4 Nb7 27. Nxc8 Rxc8
28. Rxd7 Nbd8 29. Rxa7 Nxa7 30. Ne5 Rc7 31. f4 Ndc6 32. Nf3 h6 33. Kb2 Nc8 34.
Bb3 Re7 35. Ne5 Nxe5 36. Rxe5 Nd6 37. c5 Nf7 38. Re1 bxc5 39. bxc5 Nd8 40. Kc3
Rc7 41. Re5 Re7 42. Kc4 Nc6 43. Re3 e5 44. Ba4 exf4 45. Rxe7 Nxe7 46. gxf4 Ke6
47. Kb5 Kd7 48. Kb6+ Kc8 49. Bb3 {Black resigns} 1-0

[Event "Team 45 45 League T32"]
[Site "Internet Chess Club"]
[Date "2007.03.11"]
[Round "8"]
[White "KingDestroyer"]
[Black "Zebbile"]
[Result "1-0"]
[WhiteElo "2198"]
[BlackElo "2052"]
[ECO "B19"]
[TimeControl "2700+45"]

1. e4 c6 2. d4 d5 3. Nc3 dxe4 4. Nxe4 Bf5 5. Ng3 Bg6 6. h4 h6 7. Nf3 Nd7 8. h5
Bh7 9. Bd3 Bxd3 10. Qxd3 Qc7 11. Bd2 e6 12. O-O-O Ngf6 13. Qe2 O-O-O 14. c4 c5
15. Bc3 Bd6 16. Ne4 Nxe4 17. Qxe4 Nf6 18. Qe2 Rhe8 19. Kb1 Re7 20. Ka1 Red7 21.
d5 exd5 22. Bxf6 gxf6 23. Rxd5 Be5 24. Rxd7 Qxd7 25. a3 Qe6 26. Ka2 b5 27. Rc1
Kb8 28. Qe4 a5 29. Kb1 b4 30. Qc2 Qd7 31. Re1 Re8 32. Rd1 Qb7 33. Qa4 Qe4+ 34.
Ka1 Rc8 35. Nxe5 fxe5 36. Qb5+ Qb7 37. Qxa5 Qxg2 38. axb4 Qh3 39. Qb5+ Ka8 40.
Qa6+ Kb8 41. Qb5+ Ka8 42. Rd6 Qh1+ 43. Ka2 Rc7 44. Rd8+ Ka7 45. Qb8+ Ka6 46.
Rd6+ Rc6 47. Rxc6+ Qxc6 48. b5+ {Black resigns} 1-0

[Event "Team 45 45 League T32"]
[Site "Internet Chess Club"]
[Date "2007.03.10"]
[Round "8"]
[White "mint-tea"]
[Black "syy89"]
[Result "1-0"]
[WhiteElo "1841"]
[BlackElo "2101"]
[ECO "E98"]
[TimeControl "2700+45"]

1. d4 Nf6 2. c4 g6 3. Nc3 Bg7 4. e4 d6 5. Be2 O-O 6. Nf3 e5 7. O-O Nc6 8. d5 Ne7
9. Ne1 Nd7 10. Be3 f5 11. f3 f4 12. Bf2 g5 13. g4 h5 14. h3 Rf6 15. b4 Rh6 16.
Nd3 Nf6 17. Kg2 a6 18. c5 Kf7 19. Qb3 Ng6 20. Rh1 Qh8 21. b5 Bd7 22. bxa6 bxa6
23. Qb7 Qc8 24. c6 Rb8 25. Qxc8 Bxc8 26. Rab1 Rxb1 27. Rxb1 Rh8 28. Rb8 Rd8 29.
Nb4 a5 30. Na6 Ne8 31. Nb5 Ke7 32. Naxc7 Nxc7 33. Nxc7 hxg4 34. hxg4 Nh8 35. Nb5
{Black resigns} 1-0